 Dungeon Crawl Stone Soup version 0.29.1-14-g9c671dbff4 (webtiles) character file.

Game seed: 15300216925247794714

83 IHuginn the Sneak (level 4, -4/30 HPs)
             Began as an Octopode Brigand on Feb 16, 2023.
             Killed by divine providence
             ... invoked by an orc priest
              (15 damage)
             ... on level 4 of the Dungeon.
             The game lasted 00:02:30 (2778 turns).

IHuginn the Sneak (Octopode Brigand)                Turns: 2778, Time: 00:02:30

Health: -4/30      AC:  1    Str: 10    XL:     4   Next: 44%
Magic:  4/4        EV: 13    Int: 13    God:
Gold:   134        SH:  0    Dex: 15    Spells: 3/3 levels left

rFire   . . .      SeeInvis .   a - +2 dagger
rCold   . . .      Faith    .   (no shield)
rNeg    . . .      Spirit   .   (helmet restricted)
rPois   .          Reflect  .   (no amulet)
rElec   .          Harm     .   (no ring)
rCorr   .          Rampage  .   (no ring)
Will    .....                   (no ring)
Stlth   ++........              (no ring)
HPRegen 0.10/turn               (no ring)
MPRegen 0.09/turn               (no ring)
                                (no ring)
                                (no ring)

@: confused
A: almost no armour, amphibious, 8 rings, camouflage 1, gelatinous body 1,
(nimble swimmer 1), tentacles
a: no special abilities


You were on level 4 of the Dungeon.
You visited 1 branch of the dungeon, and saw 4 of its levels.

You collected 134 gold pieces.

Inventory:

Hand Weapons
 a - a +2 dagger (weapon)
Missiles
 b - 13 poisoned darts (quivered)
 c - 3 curare-tipped darts
Jewellery
 g - an amulet of the acrobat
 h - a ring of positive energy
 k - an amulet of magic regeneration
 p - an amulet of guardian spirit
Scrolls
 i - a scroll of identify {unknown}
 l - a scroll of fear {unknown}
 m - a scroll of enchant weapon {unknown}
 n - a scroll of enchant armour {unknown}
 o - a scroll of poison {unknown}
Potions
 d - 2 potions of curing {unknown}
 e - a potion of flight {unknown}
 f - a potion of heal wounds {unknown}
 j - a potion of invisibility {unknown}
 q - a potion of resistance {unknown}
 r - 2 potions of haste {unknown}


   Skills:
 + Level 2.6 Fighting
 + Level 2.6 Short Blades
 + Level 2.6 Throwing
 + Level 1.9 Dodging
 + Level 5.9 Stealth


You had 3 spell levels left.
You didn't know any spells.
Your spell library contained the following spells:

 Spells                   Type           Power      Damage    Failure   Level
 Apportation              Tloc           0%         N/A       30%         1
 Necrotise                Necr           0%         1d4       30%         1
 Scorch                   Fire           0%         2d5       43%         2
 Vampiric Draining        Necr           0%         2d6       67%         3
 Flame Wave               Conj/Fire      0%         2d4       97%         4
 Agony                    Necr           0%         N/A       100%        5
 Alistair's Intoxication  Tmut/Pois      0%         N/A       100%        5
 Summon Cactus Giant      Summ           0%         N/A       100%        6


Dungeon Overview and Level Annotations

Branches:
Dungeon (4/15)
 Temple: D:4-7

Altars:
Ashenzari
Makhleb

Shops:
D:1 :   D:4 [*


Innate Abilities, Weirdness & Mutations

You cannot wear most types of armour.
You are amphibious.
You can wear up to eight rings at the same time.
Your skin changes colour to match your surroundings (Stealth+).
Your rubbery body absorbs attacks. (AC +1, EV +1)
((You are camouflaged when in or above water. (Stealth+)))
You have tentacles for arms and can constrict up to eight enemies at once.


Message History

Found Teoghyne's General Store and Buruex's Antique Armour Shoppe.
There is a stone staircase leading up here.
An orc wizard comes into view. It is wielding a +0 dagger.
Found an inky potion.
A jelly, an orc priest and an adder come into view.
The orc priest shouts!
An orc wizard comes into view. It is wielding a +0 dagger.
An orc priest comes into view. It is wielding a +0 club.
There is a stone staircase leading up here.
The adder hisses angrily.
The orc wizard shouts!
You hear a shout!
You hear an angry hiss.
There is a stone staircase leading up here.
The orc wizard points at you and mumbles some strange words.
You resist with some effort.
The orc wizard points at you and mumbles some strange words.
The puff of flame hits you!
You closely miss the orc wizard. You grab the orc wizard.
You constrict the orc wizard. You hit the orc wizard.
The orc wizard is lightly wounded.
You constrict the orc wizard.
The orc wizard hits you with a +0 dagger.
You hit the orc wizard. You squeeze the orc wizard.
The orc wizard is moderately wounded.
You constrict the orc wizard, but do no damage.
The orc wizard hits you with a +0 dagger.
The orc priest looks encouraged for a moment.
You hit the orc wizard.
The orc wizard is heavily wounded.
You constrict the orc wizard.
The orc wizard gestures at you while chanting.
You are confused.
The orc priest calls upon Beogh to heal the orc wizard.
The orc wizard is healed somewhat.
You release your grip on the orc wizard.
The orc wizard hits you with a +0 dagger.
The orc priest calls down the wrath of Beogh upon you.
Beogh smites you!
Ouch! That really hurt!
You die...

#############
.......o....#
..#.##.####.#
#. #. #.#
.#.##. #o##
.....o #o.#
...!..####@.##
.......#≈≈≈..#
J......≈≈≈~~.#
....∩..≈≈∩..$#
#####..J≈≈~~##
#..#≈≈≈##
#..##### #..
.o.


You could see a jelly (wandering), an orc priest and an orc wizard.

Vanquished Creatures
  2 adders (D:2)
  A worm (D:2)
  A dart slug (D:1)
  2 orcs (D:3)
  6 ball pythons
  An endoplasm (D:2)
  2 giant cockroaches
  9 goblins
  7 hobgoblins
  2 jackals (D:2)
  A quokka (D:2)
  6 bats
  2 frilled lizards
  5 kobolds
  7 rats
54 creatures vanquished.

Vanquished Creatures (others)
  2 fungi (D:3)
  A plant (D:2)
3 creatures vanquished.

Grand Total: 57 creatures vanquished

Notes
Turn   | Place    | Note
-------+----------+-------------------------------------------
     0 | D:1      | IHuginn the Octopode Brigand began the quest for the Orb.
     0 | D:1      | Reached XP level 1. HP: 14/14 MP: 1/1
   221 | D:1      | Reached XP level 2. HP: 19/19 MP: 2/2
   663 | D:1      | Reached XP level 3. HP: 24/24 MP: 3/3
   672 | D:1      | Found Afubuap's Book Boutique.
  1735 | D:2      | Reached XP level 4. HP: 27/30 MP: 4/4
  1906 | D:3      | Found a burning altar of Makhleb.
  1925 | D:3      | Found a broken altar of Ashenzari.
  2720 | D:3      | Found a faded altar of an unknown god.
  2748 | D:4      | Found Teoghyne's General Store.
  2748 | D:4      | Found Buruex's Antique Armour Shoppe.
  2778 | D:4      | Killed from afar by an orc priest

Illustrated notes

Levels and vault maps discovered:
D:1:      giann_forest_graveyard, layout_loops_ring, serial_shops,
          nicolae_shop_behind_doors, st_stairs_14
D:2:      cheibrodos_old_hovel, layout_rooms, serial_glass, glass_columns_a,
          glass_columns_a, glass_columns_b, glass_columns_a, glass_columns_a,
          glass_columns_a, glass_columns_c, glass_columns_a, feat_on_display,
          feat_on_display, minmay_strange_pillars, minivault_23
D:3:      layout_basic, mainiacjoe_overflow_catch_the_wave,
          shapermc_ecumenical_altar_hornbeckon
D:4:      layout_loops_ring, serial_shops, shop, nicolae_shop_crystal,
          nicolae_shop_waterfront, nicolae_square_shop,
          nicolae_shop_hallway_stairs, fountainhead, uniq_sigmund,
          uniq_blork_the_orc

Action                   |  1- 3 |  4- 6 || total
-------------------------+-------+-------++-------
Melee: Dagger            |    74 |    20 ||    94
       Tentacles         |    15 |     4 ||    19
       Constrict         |    21 |     3 ||    24
       Punch             |     1 |       ||     1
 Stab: Sleeping          |     7 |    10 ||    17
       Distracted        |     1 |       ||     1
Armor: Skin              |     1 |       ||     1
Dodge: Dodged            |    36 |     3 ||    39
